 Dungeon Crawl Stone Soup version 0.31.0-11-ge490571c62 (webtiles) character file.

Game seed: 17277908690978938063

764 qw the Skirmisher (level 7, 0/40 HPs)
             Began as a Deep Elf Hunter on Feb 5, 2024.
             Slain by a black bear (1 damage)
             ... on level 5 of the Dungeon.
             The game lasted 00:00:24 (3528 turns).

qw the Skirmisher (Deep Elf Hunter)                 Turns: 3528, Time: 00:00:25

Health: 0/40       AC:  3    Str: 10    XL:     7   Next: 51%
Magic:  9/9        EV: 13    Int: 14    God:
Gold:   171        SH:  0    Dex: 18    Spells: 6/6 levels left

rFire   . . .        a - +1 shortbow
rCold   . . .        (shield currently unavailable)
rNeg    . . .        d - +0 leather armour {rPois}
rPois   +            (no helmet)
rElec   .            (no cloak)
rCorr   .            (no gloves)
SInv    .            (no boots)
Will    .....        o - amulet of the acrobat
Stlth   ++           (no ring)
HPRegen 0.26/turn    (no ring)
MPRegen 0.11/turn

%: acrobat
@: no status effects
A: no striking features
a: no special abilities


You were on level 5 of the Dungeon.
You visited 1 branch of the dungeon, and saw 5 of its levels.
You also visited: Sewer.

You collected 201 gold pieces.
You spent 30 gold pieces at shops.


   Skills:
 - Level 2.0 Fighting
 + Level 11.3 Ranged Weapons
 - Level 4.4 Dodging
 - Level 1.2 Stealth


You had 6 spell levels left.
You didn't know any spells.
Your spell library was empty.

Inventory:

Hand Weapons
 a - a +1 shortbow (weapon)
Armour
 d - a +0 leather armour of poison resistance (worn)
 i - a +0 ring mail
Jewellery
 o - an amulet of the acrobat (around neck)
Scrolls
 f - 4 scrolls of teleportation
Potions
 e - 2 potions of heal wounds
 g - a potion of magic {unknown}
 h - 5 potions of curing
 j - a potion of enlightenment {unknown}
 k - a potion of mutation {unknown}
 l - a potion of haste {unknown}
 m - a potion of lignification {unknown}
 n - a potion of cancellation

Dungeon Overview and Level Annotations

Branches:
Dungeon (5/15)              Sewer (visited)
 Temple: D:4-7

Altars:
Ashenzari
Hepliaklqana
Kikubaaqudgha
Nemelex Xobeh
Trog
Uskayaw
The Shining One

Shops:
D:1 !


Message History

You shoot an arrow.
The arrow completely misses the black bear.
Something hits you.
You shoot an arrow. Something hits you but does no damage.
You shoot an arrow. The arrow hits the black bear!
The black bear is heavily wounded.
The black bear bites you.
The black bear claws you but does no damage.
The black bear claws you. Something barely misses you.
You shoot an arrow.
The arrow closely misses the black bear.
You shoot an arrow.
The arrow hits the black bear but does no damage.
The black bear is heavily wounded.
You hear some strange, mumbled words.
A magic dart appears from out of thin air!
The magic dart hits you. The black bear bites you.
The black bear barely misses you. x2
You shoot an arrow. The arrow hits the black bear!
The black bear is severely wounded.
Something barely misses you. The black bear bites you.
The black bear closely misses you. The black bear misses you.
You shoot an arrow. The arrow hits the black bear.
The black bear is almost dead.
The black bear barely misses you.
The black bear claws you but does no damage.
The black bear closely misses you. Something hits you.
You shoot an arrow. The arrow barely misses the black bear.
The black bear goes berserk!
You hear some strange, mumbled words.
Something tries to affect you, but you resist.
You shoot an arrow. The arrow barely misses the black bear.
The black bear misses you.
The black bear claws you. x2; Something hits you.
You shoot an arrow.
The arrow completely misses the black bear.
The black bear bites you. The black bear misses you.
The black bear claws you but does no damage.
Something hits you. The black bear bites you. The black bear claws you.
You die...

+......#....#'###.....#
#####..#....#..##.....##
####....#..........#
#....#'###......#
#....#..#########
#....#..# ##'##....'..#
...%.....#..#
...$.){@.#### ......h..#
.....##### .###


You could see a black bear (berserk).

Vanquished Creatures
  An ogre (D:4)
  A phantom (D:4)
  A scorpion (D:5)
  3 wights (D:3)
  A hound (D:4)
  2 jellies (Sewer)
  2 sleepcaps
  Jessica (D:2)
  An iguana (D:5)
  Natasha (D:2)
  5 adders
  2 ufetubi (D:5)
  3 dart slugs
  A ribbon worm (D:3)
  6 orcs
  16 ball pythons
  2 bat zombies (D:3)
  13 endoplasms
  9 giant cockroaches
  4 hobgoblins
  3 kobolds
  2 quokkas
  5 bats
  15 frilled lizards
  2 frilled lizard zombies (D:3)
  6 goblins
  13 rats
121 creatures vanquished.

Notes
Turn   | Place    | Note
-------+----------+-------------------------------------------
     0 | D:1      | qw the Deep Elf Hunter began the quest for the Orb.
     0 | D:1      | Reached XP level 1. HP: 12/12 MP: 3/3
     0 | D:1      | 0 ||| qw: Version: 0.3-a-160-g6735b56
     0 | D:1      | 0 ||| qw: Game counter: 6293
     0 | D:1      | 0 ||| qw: Melee chars always use a shield: true
     0 | D:1      | 0 ||| qw: God list: Okawaru
     0 | D:1      | 0 ||| qw: Allow faded altars: false
     0 | D:1      | 0 ||| qw: Do Orc after clearing Dungeon:15 true
     0 | D:1      | 0 ||| qw: Do second Lair branch before Depths: true
     0 | D:1      | 0 ||| qw: Lair rune preference: random
     0 | D:1      | 0 ||| qw: Goals: Normal
     0 | D:1      | 0 ||| PLANNING D:1-11
   128 | D:1      | Found Godud's Distillery.
   131 | D:1      | 131 ||| BUYING potion of curing (30 gold).
   131 | D:1      | Bought a potion of curing for 30 gold pieces
   131 | D:1      | 131 ||| SHOPLISTING potion of haste (100 gold, have 2).
   131 | D:1      | 131 ||| SHOPLISTING potion of heal wounds (50 gold, have
                  | 2).
   131 | D:1      | 131 ||| SHOPLISTING potion of might (40 gold, have 2).
   131 | D:1      | 131 ||| SHOPLISTING potion of mutation (80 gold, have 2).
   146 | D:1      | Reached skill level 6 in Ranged Weapons
   146 | D:1      | Reached XP level 2. HP: 16/16 MP: 4/4
   424 | D:1      | 424 ||| UPGRADING to +0 leather armour of poison
                  | resistance.
   434 | D:1      | 434 ||| DROPPING +0 leather armour.
   435 | D:1      | 435 ||| DROPPING +0 scale mail.
   436 | D:1      | 436 ||| READING scroll labelled URAHOVV RULI.
   436 | D:1      | 436 ||| IDENTIFYING 2 scrolls labelled SIEFOM GO GUCH
   437 | D:1      | 437 ||| DROPPING scroll of butterflies.
   489 | D:2      | Reached XP level 3. HP: 19/20 MP: 5/5
   614 | D:2      | Noticed Jessica
   622 | D:2      | Killed Jessica
   623 | D:2      | Reached skill level 7 in Ranged Weapons
   801 | D:2      | Reached XP level 4. HP: 25/25 MP: 6/6
   880 | D:2      | Noticed Natasha
   889 | D:2      | Killed Natasha
  1043 | D:2      | 1043 ||| READING scroll of identify.
  1043 | D:2      | 1043 ||| IDENTIFYING pink potion
  1044 | D:2      | 1044 ||| READING scroll labelled MOR VEUGHUDIF.
  1045 | D:2      | 1045 ||| DRINKING 2 fuming red potions.
  1046 | D:2      | 1046 ||| DROPPING potion of attraction.
  1074 | D:3      | 1074 ||| PLANNING SEWER
  1077 | D:3      | Reached skill level 8 in Ranged Weapons
  1102 | D:3      | Reached XP level 5. HP: 29/29 MP: 7/7
  1111 | D:3      | Reached skill level 9 in Ranged Weapons
  1162 | D:3      | Reached skill level 3 in Dodging
  1222 | D:3      | Reached XP level 6. HP: 34/34 MP: 8/8
  1230 | D:3      | Found a broken altar of Ashenzari.
  1409 | D:3      | Found an ancient bone altar of Kikubaaqudgha.
  1451 | D:3      | Found a sparkling altar of Nemelex Xobeh.
  1452 | D:3      | Found a hide-covered altar of Uskayaw.
  1452 | D:3      | Found a hazy altar of Hepliaklqana.
  1453 | D:3      | Found a glowing golden altar of the Shining One.
  1520 | D:3      | Found a glowing drain.
  1521 | D:3      | 1521 ||| DROPPING ring of wizardry.
  1522 | D:3      | 1522 ||| READING scroll labelled KYICYF LIYME.
  1523 | D:3      | 1523 ||| READING scroll labelled WINUREA ETIFITT.
  1533 | Sewer    | Entered a sewer
  1712 | Sewer    | Found a viscous altar of Jiyva.
  1774 | Sewer    | 1774 ||| READING scroll labelled WEUCON HYTI.
  1774 | Sewer    | 1774 ||| ENCHANTING +0 shortbow.
  1775 | Sewer    | 1775 ||| DRINKING 2 fuming green potions.
  1776 | Sewer    | 1776 ||| DRINKING 2 clear potions.
  1777 | Sewer    | 1777 ||| DROPPING potion of invisibility.
  1797 | D:3      | 1797 ||| PLANNING D:1-11
  2035 | D:3      | 2035 ||| READING scroll labelled ASUJ QOGISUGRU.
  2143 | D:4      | 2143 ||| STAIRDANCE
  2312 | D:4      | Reached skill level 10 in Ranged Weapons
  2958 | D:4      | Reached XP level 7. HP: 36/40 MP: 9/9
  3195 | D:4      | Found a bloodstained altar of Trog.
  3235 | D:4      | 3235 ||| UPGRADING to amulet of the acrobat.
  3269 | D:4      | 3269 ||| READING scroll of identify.
  3269 | D:4      | 3269 ||| IDENTIFYING blue potion
  3270 | D:4      | 3270 ||| READING scroll labelled CIMNUD PICZAO.
  3270 | D:4      | 3270 ||| ENCHANTING +0 shortbow.
  3271 | D:4      | 3271 ||| DROPPING potion of berserk rage.
  3300 | D:5      | Entered Level 5 of the Dungeon
  3301 | D:5      | 3301 ||| PLANNING OSSUARY
  3338 | D:5      | 3338 ||| FLEEEEING.
  3350 | D:5      | Reached skill level 11 in Ranged Weapons
  3528 | D:5      | HP: 8/40 [black bear (4)]
  3528 | D:5      | HP: 1/40 [black bear (4)]
  3528 | D:5      | Slain by a black bear

Levels and vault maps discovered:
D:1:      heliophobic_arrival_battle_scene, layout_rooms, serial_shops,
          nicolae_shop_real_fake_doors, chequers_jeans, serial_park_tiny_1,
          minmay_crystal_water
D:2:      layout_basic, uniq_natasha, uniq_jessica
D:3:      layout_basic, mainiacjoe_overflow_six_doors_small,
          lemuel_zombie_altar_kikubaaqudgha,
          chequers_temple_overflow_statue_of_worship,
          cheibrodos_sewer_entry_drain, solitary_fountain,
          minmay_misc_feat_encased, kennysheep_generic_room_15
D:4:      minmay_spotlight, layout_loops_corners, lightli_temple_of_fire,
          serial_library_hellmonk_semicircle, serial_bayou_pond_e,
          nicolae_twisty_statue_hallways
D:5:      layout_gridville, nicolae_overflow_guarded_unrand_okawaru_victory,
          nicolae_ossuary_entry_ruins, uniq_ijyb

Skill      XL: |  1  2  3  4  5  6  7 |
---------------+----------------------+-----
Ranged Weapons | 6 7 8 9 10 11 | 11.3
Dodging        | 3 4 |  4.4
Fighting       | 2 |  2.0
Stealth        | |  1.2

Action                     |  1- 3 |  4- 6 |  7- 9 || total
---------------------------+-------+-------+-------++-------
   Fire: Shortbow          |    81 |   220 |    79 ||   380
    Use: Scroll            |     1 |     6 |     2 ||     9
         Potion            |       |     3 |       ||     3
 Armour: Leather armour    |     7 |    36 |    33 ||    76
  Dodge: Dodged            |    10 |    44 |    36 ||    90

Table legend:
 A = Non-vault XP
 B = Vault XP
 C = Vault XP percentage of total XP
 D = Non-vault monster count
 E = Vault monster count
 F = Vault count percentage of total count
                 A         B        C        D         E       F
            +---------+---------+-------+---------+---------+-------
      Total |     829 |     263 |  24.1 |      81 |      40 |  33.1
            +---------+---------+-------+---------+---------+-------
        D:1 |      39 |       0 |   0.0 |      27 |       0 |   0.0
        D:2 |      37 |      72 |  66.1 |      17 |       2 |  10.5
        D:3 |     262 |      15 |   5.4 |      17 |       7 |  29.2
        D:4 |     284 |      48 |  14.5 |       8 |       6 |  42.9
        D:5 |     207 |       0 |   0.0 |      12 |       0 |   0.0
      Sewer |       0 |     128 | 100.0 |       0 |      25 | 100.0
            +---------+---------+-------+---------+---------+-------
